 Dungeon Crawl Stone Soup version 0.29-a0-231-g945431f764 (webtiles) character file.

Game seed: 17801644518733682867

171 funkygono the Firebug (level 5, -5/28 HPs)
             Began as a Gargoyle Fire Elementalist on Feb 28, 2022.
             Slain by an iguana (11 damage)
             ... on level 4 of the Dungeon.
             The game lasted 00:03:16 (2679 turns).

funkygono the Firebug (Gargoyle Fire Elementalist)  Turns: 2679, Time: 00:03:16

Health: -5/28      AC:  6    Str: 11    XL:     5   Next: 51%
Magic:  0/9        EV: 12    Int: 18    God:
Gold:   212        SH:  5    Dex: 10    Spells: 0/10 levels left

rFire   . . .      SeeInvis .   j - +0 whip
rCold   . . .      Faith    .   (no shield)
rNeg    + . .      Spirit   .   a - +0 robe
rPois   ∞          Reflect  +   (no helmet)
rElec   +          Harm     .   (no cloak)
rCorr   .          Rampage  .   (no gloves)
Will    .....                   (no boots)
Stlth   ++........              k - amulet of reflection
HPRegen 0.09/turn               (no ring)
MPRegen 0.11/turn               (no ring)

@: no status effects
A: sickness immunity, AC +4, negative energy resistance 1, electricity
resistance, torment resistance 1, petrification resistance
a: no special abilities


You were on level 4 of the Dungeon.
You visited 1 branch of the dungeon, and saw 4 of its levels.

You collected 212 gold pieces.

Inventory:

Hand Weapons
 d - a +2 long sword of holy wrath
 j - a +0 whip (weapon)
Missiles
 c - 171 stones
Armour
 a - a +0 robe (worn)
 o - a +0 leather armour
Jewellery
 k - an amulet of reflection (around neck)
Scrolls
 f - 4 scrolls of identify {unknown}
 i - a scroll of enchant weapon {unknown}
 m - 3 scrolls of noise {unknown}
 n - a scroll of immolation {unknown}
 p - a scroll of vulnerability {unknown}
 q - a scroll of blinking {unknown}
 t - a scroll of brand weapon {unknown}
Potions
 b - 2 potions of might {unknown}
 e - 2 potions of brilliance {unknown}
 g - 4 potions of heal wounds {unknown}
 h - 2 potions of attraction {unknown}
 l - a potion of mutation {unknown}
 r - a potion of flight {unknown}
 s - a potion of curing {unknown}
 u - a potion of cancellation {unknown}


   Skills:
 + Level 1.6 Dodging
 - Level 2.1 Stealth
 * Level 3.3 Spellcasting
 * Level 2.3 Conjurations
 * Level 4.7 Fire Magic


You couldn't memorise any spells.
You knew the following spells:

 Your Spells              Type           Power      Damage    Failure   Level
a - Foxfire               Conj/Fire      60%        2x1d7     3%          1
b - Scorch                Fire           40%        2d7       3%          2
c - Conjure Flame         Conj/Fire      15%        6-21      11%         3
d - Flame Wave            Conj/Fire      15%        2d6       36%         4

Your spell library contained the following spells:

 Spells                   Type           Power      Damage    Failure   Level
 Inner Flame              Hex/Fire       11%        N/A       19%         3
 Ozocubu's Armour         Ice            2%         N/A       43%         3
 Ozocubu's Refrigeration  Ice            1%         4d5       100%        7


Dungeon Overview and Level Annotations

Branches:
Dungeon (4/15)
 Temple: D:4-7

Altars:


Innate Abilities, Weirdness & Mutations

You are immune to sickness and miasma.
Your stone body is resilient. (AC +4)
You are immune to poison.
You resist negative energy. (rN+)
You are resistant to electric shocks. (rElec)
You are resistant to unholy torment.
You are immune to petrification.


Message History

Casting: Foxfire (safe; 3% risk of failure)
Confirm with . or Enter, or press ? or * to list all spells.
Flames lash the iguana.
The iguana is heavily wounded.
The iguana's fire resistance burns away.
The foxfire hits the iguana but does no damage.
The iguana is heavily wounded.
The foxfire hits the iguana.
The iguana is burned terribly!
The iguana is severely wounded.
You block the iguana's attack.
Casting: Scorch (safe; 3% risk of failure)
Confirm with . or Enter, or press ? or * to list all spells.
You conjure some foxfire!
The iguana bites you but does no damage.
Casting: Foxfire (safe; 3% risk of failure)
Confirm with . or Enter, or press ? or * to list all spells.
You don't have enough magic to cast this spell.
Unknown command.
The foxfire hits the iguana.
The iguana is severely wounded.
The foxfire hits the iguana but does no damage.
The iguana is severely wounded.
The iguana bites you.
Casting: Foxfire (safe; 3% risk of failure)
Confirm with . or Enter, or press ? or * to list all spells.
You conjure some foxfire!
The iguana bites you but does no damage.
You barely miss the iguana.
The iguana is severely wounded.
The iguana is no longer more vulnerable to fire.
The foxfire hits the iguana.
The iguana is almost dead.
The foxfire hits the iguana but does no damage.
The iguana is almost dead.
The iguana bites you!
* * * LOW HITPOINT WARNING * * *
Casting: Foxfire (safe; 3% risk of failure)
Confirm with . or Enter, or press ? or * to list all spells.
You conjure some foxfire!
The iguana bites you!
You die...

#..## ####............#
####...###....#####......#
##....#..##.######........#
....####.#..# #..########
#.........######.##
#.##...)......#..#
##.##.###.##..#..## #..##.#
#.#..##v## ......#
#...##.v@# ..##### #..#
#.#l# ### #..# #.#.# # #...
..#)# ## ....####.. )###.
.(#. ...... ..... .#...#
.### ## .....# .


You could see an iguana (ally target).

Vanquished Creatures
  An ogre (D:4)
  5 adders
  A dart slug (D:2)
  An orc (D:3)
  2 endoplasms (D:2)
  5 goblins
  5 hobgoblins
  5 kobolds
  3 quokkas
  2 ball pythons
  4 bats (D:1)
  2 frilled lizards
  5 rats
41 creatures vanquished.

Vanquished Creatures (others)
  115 foxfires
115 creatures vanquished.

Grand Total: 156 creatures vanquished

Notes
Turn   | Place    | Note
-------+----------+-------------------------------------------
     0 | D:1      | funkygono the Gargoyle Fire Elementalist began the quest
                  | for the Orb.
     0 | D:1      | Reached XP level 1. HP: 10/10 MP: 3/3
   193 | D:1      | Found a faded altar of an unknown god.
   500 | D:1      | Reached XP level 2. HP: 15/15 MP: 1/5
   977 | D:2      | Reached XP level 3. HP: 16/19 MP: 1/6
   982 | D:2      | Learned a level 2 spell: Scorch
   989 | D:2      | Learned a level 3 spell: Conjure Flame
  1511 | D:2      | Reached skill level 4 in Fire Magic
  1548 | D:2      | Reached XP level 4. HP: 24/24 MP: 5/7
  2583 | D:4      | Noticed an ogre
  2597 | D:4      | Killed an ogre
  2598 | D:4      | Reached XP level 5. HP: 28/28 MP: 2/9
  2603 | D:4      | Learned a level 4 spell: Flame Wave
  2679 | D:4      | Slain by an iguana

Illustrated notes

Levels and vault maps discovered:
D:1:      dpeg_arrival_solitude, layout_basic,
          chequers_ecumenical_altar_simple_redux, moated_statue,
          minmay_pentomino_t4
D:2:      layout_basic
D:3:      layout_basic
D:4:      layout_rooms, slow_altar_1, lemuel_doored_altar,
          serial_bayou_lagoon_b, uniq_ijyb

Skill      XL: |  1  2  3  4 |
---------------+-------------+-----
Fire Magic     | 4 |  4.7
Spellcasting   | 3 |  3.3
Conjurations   | 2 |  2.3
Dodging        | |  1.6
Stealth        | |  2.1

Action                   |  1- 3 |  4- 6 || total
-------------------------+-------+-------++-------
Melee: Whip              |     3 |     1 ||     4
 Cast: Foxfire           |    40 |    25 ||    65
       Scorch            |     4 |     5 ||     9
Armor: Robe              |       |     3 ||     3
Dodge: Dodged            |     2 |       ||     2
Block: Other             |       |     1 ||     1

Table legend: (Time is in decaauts)
 A = Elapsed time spent in this place.
 B = Non-inter-level travel time spent in this place.
 C = Inter-level travel time spent in this place.
 D = Time resting spent in this place.
 E = Time spent auto-exploring this place.
 F = Levels seen in this place.
 G = Mean time per level.
                   A        B        C        D        E       F      G
               +--------+--------+--------+--------+--------+-----+--------+
         Total |   2677 |   2580 |     97 |      0 |   2275 |   4 |  669.2 |
       Dungeon |   2677 |   2580 |     97 |      0 |   2275 |   4 |  669.2 |
               +--------+--------+--------+--------+--------+-----+--------+

Top non-repeatable levels by time:
     D:1: 965 daAuts
     D:3: 856 daAuts
     D:2: 708 daAuts
     D:4: 147 daAuts
